cohdb
Replays
Latest Replays
All Replays
Popular Replays
Top Player Replays
Match Explorer
How It Works
Community
CoH3 Stats
Reddit
Sign in to upload your games and track your stats! →
Sign in with Steam
Match 45227655
Unlisted
Match 45227655
Overview
Messages
Build Orders
End
Construct Barracks
Engineer Squad
Selects Armored Battlegroup
Selects Veteran Crews
1⁄4-ton 4x4 Truck
Riflemen Squad
Riflemen Squad
Infantry Support Center
Riflemen Squad
Riflemen Squad
Grenade Package
anioki
Polar
Sky Blues
Breaking Bread
sleeping_dude
Armchair Hero
0
0
Comments
sign in to comment!
No comments posted yet!